[Event "January 2 Early 2024"]
[Site "https://www.chess.com"]
[Date "2024.01.02"]
[Round "7"]
[White "Merikard"]
[Black "Jaiveer Mahendru"]
[Result "0-1"]
[Board "114"]
[TimeControl "180+1"]
[BlackFideId "25611151"]
[WhiteElo "2256"]
[BlackElo "2524"]
[BlackTeam "IND"]
[WhiteClock "0:00:06"]
[BlackClock "0:00:14"]

1. d4 Nf6 2. c4 g6 3. Nc3 Bg7 4. e4 d6 5. Bd3 O-O 6. Nf3 e5 7. d5 Ne8 8. O-O f5 9. exf5 gxf5 10. Bc2 e4 11. Ng5 Na6 12. f3 e3 13. f4 Nf6 14. Bxe3 Ng4 15. Bd4 h6 16. Bxg7 Kxg7 17. h3 hxg5 18. hxg4 fxg4 19. Qd4+ Kg8 20. fxg5 Nc5 21. b4 Nd7 22. Ne4 Ne5 23. Nf6+ Kg7 24. Qe4 Rh8 25. Rae1 a5 26. Qd4 Qe7 27. Nxg4 Bxg4 28. Qxg4 axb4 29. Bb1 Raf8 30. Rf6 Nf3+ 31. Kf2 Nxe1 32. Bf5 Rxf6 33. gxf6+ Kxf6 34. Qg6+ Ke5 35. Kxe1 Qh4+ 36. g3 Qh1+ 37. Kd2 Rh2+ 38. Ke3 Qe1+ 39. Kf3 Qe2# 0-1

[Event "January 2 Early 2024"]
[Site "https://www.chess.com"]
[Date "2024.01.02"]
[Round "7"]
[White "Jahnz, Fabian"]
[Black "Shapiro, Viktor"]
[Result "0-1"]
[Board "115"]
[TimeControl "180+1"]
[WhiteFideId "4653300"]
[BlackFideId "4175700"]
[WhiteElo "2311"]
[BlackElo "2521"]
[WhiteTeam "GER"]
[BlackTeam "RUS"]
[WhiteClock "0:00:06"]
[BlackClock "0:00:54"]

1. e4 Nf6 2. e5 Nd5 3. d4 d6 4. exd6 cxd6 5. Nf3 Bg4 6. c3 g6 7. h3 Bxf3 8. Qxf3 e6 9. Bc4 Nb6 10. Bb5+ Nc6 11. Bxc6+ bxc6 12. Qxc6+ Qd7 13. Qxd7+ Kxd7 14. Nd2 f5 15. O-O Bg7 16. a4 a5 17. Nb3 Rhb8 18. Nd2 Rb7 19. b3 Rc8 20. Bb2 d5 21. f4 Nc4 22. bxc4 Rxb2 23. Rfd1 dxc4 24. Rab1 Rc2 25. Rb7+ Rc7 26. Rxc7+ Kxc7 27. Nxc4 Rxc3 28. Ne5 Ra3 29. Rc1+ Kb7 30. Rc4 Bf8 31. Nc6 Kb6 32. Nd8 Bb4 33. Nxe6 Rxa4 34. d5 Ra1+ 35. Kh2 Rd1 36. Rc6+ Ka7 37. Rc7+ Kb8 38. Rxh7 a4 39. Rh8+ Ka7 40. Rh7+ Kb6 41. Rh8 Rxd5 42. Rb8+ Ka5 43. Nc7 Rc5 44. Ne6 Rb5 45. Ra8+ Kb6 46. Nd4 Ra5 47. Rb8+ Kc5 48. Ne6+ Kc4 49. Rc8+ Kb3 50. Nd4+ Kb2 51. Rc2+ Kb1 52. Rc4 Bd2 53. Nf3 Bc1 54. Ne1 a3 55. Nd3 Bb2 56. Rb4 Kc2 57. Ne1+ Kc3 58. Rb8 a2 59. Rc8+ Kd2 60. Nc2 Ra4 61. g3 Bc3 62. Na1 Bxa1 63. g4 Rxf4 0-1

[Event "January 2 Early 2024"]
[Site "https://www.chess.com"]
[Date "2024.01.02"]
[Round "7"]
[White "Yashmetov, Mikhail"]
[Black "RaneshRatnesan"]
[Result "0-1"]
[Board "116"]
[TimeControl "180+1"]
[WhiteFideId "24198900"]
[WhiteElo "2518"]
[BlackElo "2255"]
[WhiteTeam "RUS"]
[WhiteClock "0:00:00"]
[BlackClock "0:00:13"]

1. c4 c6 2. Nc3 d5 3. d4 Nf6 4. g3 Bf5 5. Bg2 e6 6. Nf3 Nbd7 7. Qb3 Qb6 8. c5 Qxb3 9. axb3 a6 10. b4 Rd8 11. O-O h6 12. Bf4 Be7 13. Nd2 O-O 14. Nb3 g5 15. Bd6 Bxd6 16. cxd6 Ne8 17. Nc5 Nxd6 18. f3 Bg6 19. e4 Nxc5 20. bxc5 Nb5 21. Nxb5 axb5 22. e5 Ra8 23. Kf2 Ra6 24. Rxa6 bxa6 25. Ra1 Ra8 26. b4 f6 27. Bh3 Kf7 28. Re1 Bf5 29. Bxf5 exf5 30. Ra1 fxe5 31. dxe5 Ke6 32. f4 d4 33. Ke2 Kd5 34. Kd3 Ra7 35. Ra2 Ra8 36. Ra1 g4 37. h3 h5 38. hxg4 hxg4 39. Rh1 a5 40. Rh6 axb4 41. Rd6+ Kxc5 42. Rf6 Ra3+ 43. Kd2 Rxg3 44. Rxf5 Kd5 45. Rf6 Re3 46. Rd6+ Kc5 47. Rg6 g3 48. e6 b3 49. f5 b2 50. Kc2 Re2+ 51. Kb1 g2 52. Rg3 Re1+ 53. Kxb2 g1=Q 54. Rxg1 Rxg1 55. e7 Re1 56. f6 Kd6 57. Kc2 Rxe7 58. fxe7 Kxe7 59. Kd3 c5 60. Ke4 Kd6 0-1

[Event "January 2 Early 2024"]
[Site "https://www.chess.com"]
[Date "2024.01.02"]
[Round "7"]
[White "Piddubna, Bozhena"]
[Black "Rietze, Clemens, Dr."]
[Result "0-1"]
[Board "117"]
[TimeControl "180+1"]
[WhiteFideId "34109293"]
[BlackFideId "24620351"]
[WhiteElo "2249"]
[BlackElo "2518"]
[WhiteTeam "UKR"]
[BlackTeam "GER"]
[WhiteClock "0:00:23"]
[BlackClock "0:00:16"]

1. d4 Nf6 2. Nf3 g6 3. c4 Bg7 4. g3 O-O 5. Bg2 d6 6. O-O Nc6 7. Nc3 Bf5 8. Ne1 e5 9. d5 Ne7 10. e4 Bd7 11. f4 exf4 12. gxf4 Ne8 13. Nd3 c6 14. e5 cxd5 15. cxd5 Nf5 16. Qb3 Qb6+ 17. Qxb6 axb6 18. Ne4 Bb5 19. Nef2 Nc7 20. Re1 Bc4 21. b3 Bxd5 22. Bb2 dxe5 23. Nxe5 Bxg2 24. Kxg2 Ne6 25. Rad1 Nxf4+ 26. Kf3 Ne6 27. Ne4 Rfd8 28. Ba1 Nfd4+ 29. Bxd4 Nxd4+ 30. Kf4 Ne6+ 31. Kf3 Rxa2 32. Rxd8+ Nxd8 33. Ng4 f5 34. Nef6+ Kf7 35. Ne5+ Kxf6 36. Nd7+ Kf7 37. Rd1 Nc6 38. Nxb6 Ra3 39. Rd7+ Kf8 40. Rxb7 Rxb3+ 41. Kf2 Ne7 42. Rb8+ Kf7 43. Rb7 Rxb6 44. Rxb6 Bd4+ 45. Kf3 Bxb6 46. Kf4 Kf6 47. h4 Bc7+ 48. Kf3 Nd5 49. Kf2 h6 50. Kf3 g5 51. Kf2 g4 52. Kg2 Ke5 53. Kf2 Kf4 54. Kg2 Ne3+ 55. Kf2 g3+ 56. Kg1 g2 57. h5 Nd5 58. Kf2 Kg5 59. Kxg2 Kxh5 60. Kf3 Kg5 61. Kf2 Kg4 62. Kg2 f4 63. Kf2 f3 64. Kg1 Kg3 65. Kf1 f2 66. Ke2 Kg2 67. Kd3 f1=Q+ 68. Kd4 Qd1+ 69. Kc5 Qc2+ 70. Kxd5 Qd3+ 71. Kc6 Qf3+ 72. Kxc7 Qd5 73. Kb6 Kf3 74. Kc7 Ke4 75. Kb6 Kd4 76. Kc7 Qe6 77. Kb7 Kc5 78. Ka8 Qe7 79. Kb8 Kb6 80. Kc8 Qc7# 0-1

[Event "January 2 Early 2024"]
[Site "https://www.chess.com"]
[Date "2024.01.02"]
[Round "7"]
[White "Kohler, Aran"]
[Black "Goncalves, Davi Sulzbacher"]
[Result "0-1"]
[Board "118"]
[TimeControl "180+1"]
[WhiteFideId "1002856"]
[BlackFideId "2154510"]
[WhiteElo "2234"]
[BlackElo "2515"]
[WhiteTeam "NED"]
[BlackTeam "BRA"]
[WhiteClock "0:00:28"]
[BlackClock "0:01:22"]

1. Nf3 d5 2. d4 Bf5 3. Bf4 e6 4. e3 c5 5. c3 Qb6 6. Qb3 c4 7. Qxb6 axb6 8. a3 b5 9. Be2 b4 10. cxb4 Bxb4+ 11. Nc3 Nc6 12. O-O Bxc3 13. bxc3 Nf6 14. Nd2 Ne4 15. Nxe4 Bxe4 16. f3 Bc2 17. Rfc1 Bb3 18. e4 Kd7 19. Kf2 Ra4 20. Bd1 Rha8 21. exd5 exd5 22. Rcb1 Rxa3 23. Rxa3 Rxa3 24. Be2 b5 25. Bc1 Ra2 26. Ke3 b4 27. Bd2 Bc2 28. cxb4 Bxb1 29. b5 Ra3+ 30. Kf4 Nxd4 31. Bd1 Nxb5 32. Bb4 Rb3 33. Bxb3 cxb3 34. Bf8 b2 35. Bxg7 d4 0-1

[Event "January 2 Early 2024"]
[Site "https://www.chess.com"]
[Date "2024.01.02"]
[Round "7"]
[White "Adelman, Charles"]
[Black "xakevicius91"]
[Result "1-0"]
[Board "119"]
[TimeControl "180+1"]
[WhiteFideId "2003597"]
[WhiteElo "2220"]
[BlackElo "2515"]
[WhiteTeam "USA"]
[WhiteClock "0:00:56"]
[BlackClock "0:00:54"]

1. Nf3 Nf6 2. c4 c5 3. g3 b6 4. Bg2 Bb7 5. O-O e6 6. Nc3 d6 7. d4 cxd4 8. Qxd4 Be7 9. b3 O-O 10. Bb2 a6 11. Rfe1 Nbd7 12. e4 Qc7 13. Rad1 Rfd8 14. h3 Rac8 15. Qe3 Ne5 16. Nd4 Bf8 17. f4 Ng6 18. f5 exf5 19. exf5 Ne5 20. Nd5 Bxd5 21. cxd5 Qd7 22. g4 h6 23. Nc6 Re8 24. Qf2 b5 25. Kh1 Nh7 26. Nxe5 dxe5 27. Bxe5 Ng5 28. d6 f6 29. Bg3 Kh8 30. Rxe8 Rxe8 31. Qb6 Rd8 32. Qc6 Nf7 33. Qxd7 Rxd7 34. Bc6 Rd8 35. d7 Ne5 36. Bxe5 fxe5 37. Rd5 Be7 38. Rxe5 Bf6 39. Re8+ Kh7 40. Kg2 h5 41. Kf3 Kh6 42. Rxd8 Bxd8 43. Ke4 hxg4 44. hxg4 Kg5 45. Ke5 Kxg4 46. Ke6 Kf4 47. Bb7 a5 48. Bc6 b4 49. Kf7 Kxf5 50. Ke8 Bb6 51. d8=Q Bxd8 52. Kxd8 g5 53. Kc7 Ke5 54. Kb6 Kd4 55. Kxa5 Kc3 56. Ka4 g4 57. Bg2 g3 58. Bh1 Kb2 59. Kxb4 Kxa2 60. Ka4 Kb2 61. b4 Kc2 62. b5 Kc3 63. b6 Kd4 64. b7 g2 65. Bxg2 Kc5 66. b8=Q 1-0

[Event "January 2 Early 2024"]
[Site "https://www.chess.com"]
[Date "2024.01.02"]
[Round "7"]
[White "Mekhane, Adam"]
[Black "Biriukov, Ilja"]
[Result "1-0"]
[Board "120"]
[TimeControl "180+1"]
[WhiteFideId "36050601"]
[BlackFideId "4113373"]
[WhiteElo "2510"]
[BlackElo "2213"]
[WhiteTeam "FRA"]
[BlackTeam "RUS"]
[WhiteClock "0:00:56"]
[BlackClock "0:00:02"]

1. e4 e6 2. d4 d5 3. exd5 exd5 4. Bd3 Bd6 5. Nf3 Bg4 6. O-O Ne7 7. Nc3 Nbc6 8. Nb5 f6 9. c3 a6 10. Nxd6+ Qxd6 11. b4 O-O 12. a4 Nf5 13. Ba3 b5 14. axb5 axb5 15. Bxb5 Nce7 16. Be2 Ng6 17. h3 Bh5 18. Qc2 Nh6 19. g3 Qd7 20. Kg2 Rfe8 21. b5 Re6 22. Bc5 Rae8 23. Bd3 Bxf3+ 24. Kxf3 Re4 25. Kg2 Nf4+ 26. gxf4 Rxf4 27. Rae1 Rb8 28. Re7 Qd8 29. Kh2 f5 30. Rg1 Qf8 31. Qd2 Qf6 32. Qxf4 Ng4+ 33. hxg4 Qh4+ 34. Kg2 fxg4 35. Rh1 Qh3+ 36. Rxh3 gxh3+ 37. Kh2 1-0

[Event "January 2 Early 2024"]
[Site "https://www.chess.com"]
[Date "2024.01.02"]
[Round "7"]
[White "Devaev, Alexander"]
[Black "Gopal, K.N."]
[Result "1-0"]
[Board "121"]
[TimeControl "180+1"]
[WhiteFideId "4169395"]
[BlackFideId "5001447"]
[WhiteElo "2508"]
[BlackElo "2205"]
[WhiteTeam "RUS"]
[BlackTeam "IND"]
[WhiteClock "0:00:06"]
[BlackClock "0:00:00"]

1. d4 Nf6 2. Nf3 d5 3. Bf4 c5 4. e3 cxd4 5. exd4 Nc6 6. c3 Qb6 7. Qb3 Qxb3 8. axb3 Bd7 9. Nbd2 e6 10. b4 Be7 11. Nb3 Ne4 12. Bd3 O-O 13. O-O a6 14. Nc5 Nxc5 15. bxc5 g6 16. b4 f6 17. Rfe1 Kf7 18. g4 g5 19. Bg3 Rh8 20. Reb1 h5 21. h3 hxg4 22. hxg4 Na7 23. Nd2 Nb5 24. Rc1 Rh6 25. Kg2 Rah8 26. Nf3 e5 27. dxe5 Bxg4 28. exf6 Bxf6 29. Ne5+ Bxe5 30. Bxe5 Re8 31. Bd4 Nxd4 32. cxd4 Rh4 33. Rh1 Reh8 34. Rxh4 Rxh4 35. Re1 Be6 36. Rd1 Rg4+ 37. Kf3 Rf4+ 38. Kg3 Ke7 39. Be2 Kd7 40. Bf3 Kc6 41. Re1 Bd7 42. Re5 Rxd4 43. Rxg5 a5 44. bxa5 Kxc5 45. Be2 Bc6 46. Re5 Ra4 47. f4 Rxa5 48. f5 Ra8 49. Kf4 Rf8 50. Re7 Kd6 51. Rg7 d4 52. Bd3 b5 53. Kg5 b4 54. Rg6+ Kc5 55. Rg7 Bd5 56. Rc7+ Kd6 57. Ra7 b3 58. Ra6+ Ke5 59. Rb6 Rg8+ 60. Kh6 Rg3 61. f6 Rxd3 62. Kg5 Rg3+ 63. Kh4 Rf3 64. Kg5 Rf5+ 65. Kg6 Rf2 66. Kg7 b2 67. Kh6 1-0

[Event "January 2 Early 2024"]
[Site "https://www.chess.com"]
[Date "2024.01.02"]
[Round "7"]
[White "Nikulina, Alena"]
[Black "Kopczynski, Michal"]
[Result "0-1"]
[Board "122"]
[TimeControl "180+1"]
[WhiteFideId "4172051"]
[BlackFideId "1124200"]
[WhiteElo "2103"]
[BlackElo "2505"]
[WhiteTeam "RUS"]
[BlackTeam "POL"]
[WhiteClock "0:00:03"]
[BlackClock "0:00:56"]

1. e4 b6 2. d4 Bb7 3. Bd3 e6 4. Nf3 Nf6 5. Qe2 d5 6. e5 Nfd7 7. O-O c5 8. c3 Nc6 9. Bf4 Qc7 10. Na3 c4 11. Nb5 Qd8 12. Bc2 a6 13. Nd6+ Bxd6 14. exd6 h6 15. Ne5 Qf6 16. Bg3 O-O-O 17. b4 h5 18. h3 g5 19. a4 Qg7 20. b5 Ncxe5 21. dxe5 a5 22. Qe3 h4 23. Bh2 g4 24. Kh1 gxh3 25. Qxh3 Nxe5 26. Qe3 Nd7 27. f4 Rhg8 28. Rf2 d4 29. Qh3 d3 30. Bd1 Qxc3 31. Rb1 Qe1+ 32. Bg1 Rg3 33. Qh2 Rdg8 34. Bf3 Qxb1 35. Bxb7+ Kxb7 36. Rd2 h3 0-1

[Event "January 2 Early 2024"]
[Site "https://www.chess.com"]
[Date "2024.01.02"]
[Round "7"]
[White "Novak, Ratko"]
[Black "Quirke, Jeffrey"]
[Result "1-0"]
[Board "123"]
[TimeControl "180+1"]
[WhiteFideId "14511827"]
[BlackFideId "2013029"]
[WhiteElo "2385"]
[BlackElo "2076"]
[WhiteTeam "CRO"]
[BlackTeam "USA"]
[WhiteClock "0:00:01"]
[BlackClock "0:00:00"]

1. d4 Nf6 2. c4 g6 3. Nc3 Bg7 4. e4 d6 5. f3 O-O 6. Be3 Nc6 7. Qd2 a6 8. Nge2 Na5 9. b3 b5 10. cxb5 axb5 11. Nxb5 Nxb3 12. axb3 Rxa1+ 13. Kf2 c6 14. Qb2 Ra8 15. Nbc3 Ba6 16. g4 Qa5 17. h4 c5 18. dxc5 Bxe2 19. Bxe2 Nxg4+ 20. fxg4 Qxc3 21. Qxc3 Bxc3 22. cxd6 exd6 23. h5 Be5 24. Bc4 Kg7 25. Ke2 Ra2+ 26. Kd3 gxh5 27. Rxh5 Rfa8 28. Rh6 Rg2 29. Rh4 f6 30. Bh6+ Kg6 31. Be6 Raa2 32. Bf5+ Kf7 33. Be3 Rg3 34. Rxh7+ Ke8 35. Rh8+ Ke7 36. Rh7+ Kd8 37. Rh8+ Kc7 38. Rh7+ Kc6 39. Bd7+ Kc7 40. Kc4 Rc2+ 41. Kb5 Kd8 42. Bb6+ 1-0

[Event "January 2 Early 2024"]
[Site "https://www.chess.com"]
[Date "2024.01.02"]
[Round "7"]
[White "Estrada Nieto, Julian"]
[Black "Bardyk, Artem"]
[Result "0-1"]
[Board "124"]
[TimeControl "180+1"]
[WhiteFideId "5101018"]
[BlackFideId "34349979"]
[WhiteElo "2492"]
[BlackElo "2725"]
[WhiteTeam "ESP"]
[BlackTeam "RUS"]
[WhiteClock "0:00:10"]
[BlackClock "0:01:45"]

1. e4 e5 2. Nf3 Nc6 3. Bb5 Nge7 4. Nc3 Ng6 5. d4 exd4 6. Nxd4 Nxd4 7. Qxd4 c6 8. Be2 Qb6 9. Qd3 d6 10. O-O Be7 11. Be3 Qc7 12. f4 O-O 13. Bd4 f5 14. Bh5 fxe4 15. Qxe4 Bf5 16. Qe2 Rae8 17. Rae1 Bf6 18. Qd2 Bxd4+ 19. Qxd4 Rxe1 20. Rxe1 Qb6 21. Qxb6 axb6 22. Bxg6 Bxg6 23. Re7 Rf7 24. Re8+ Rf8 25. Re7 Rxf4 26. Rxb7 b5 27. Rc7 Rc4 28. Rd7 b4 29. Ne2 Rxc2 30. Nd4 Rxb2 31. Nxc6 Be4 32. Rxd6 Rxg2+ 33. Kf1 Bxc6 34. Rxc6 Rxa2 35. Rb6 Rxh2 36. Rxb4 h6 37. Kg1 Rh5 38. Kg2 Rg5+ 39. Kf3 Kh7 40. Rb7 Kg6 41. Ra7 Rf5+ 42. Kg4 h5+ 43. Kg3 Kh6 44. Ra8 g6 45. Rh8+ Kg5 46. Ra8 h4+ 47. Kg2 Kg4 48. Ra4+ Rf4 49. Ra6 g5 50. Ra2 h3+ 51. Kh2 Kh4 52. Rc2 g4 53. Rc3 g3+ 54. Kg1 h2+ 55. Kg2 Rf2+ 56. Kh1 Rf1+ 57. Kg2 h1=Q# 0-1

[Event "January 2 Early 2024"]
[Site "https://www.chess.com"]
[Date "2024.01.02"]
[Round "7"]
[White "Korpics, Zsolt"]
[Black "Rozman, Levy"]
[Result "1-0"]
[Board "125"]
[TimeControl "180+1"]
[WhiteFideId "705241"]
[BlackFideId "2039877"]
[WhiteElo "2489"]
[BlackElo "2654"]
[WhiteTeam "HUN"]
[BlackTeam "USA"]
[WhiteClock "0:02:26"]
[BlackClock "0:01:52"]

1. e4 e6 2. d4 d5 3. Bd3 a6 4. Ne2 Ne7 5. O-O Nd7 6. c3 c5 7. e5 b5 8. Be3 Bb7 9. f4 g6 10. dxc5 Nf5 11. Bxf5 gxf5 12. b4 Rg8 13. Nd4 Qc7 14. a4 1-0

[Event "January 2 Early 2024"]
[Site "https://www.chess.com"]
[Date "2024.01.02"]
[Round "7"]
[White "Sanchez Alvares, Kelvin Antonio"]
[Black "Niedbala, Bartlomiej"]
[Result "0-1"]
[Board "126"]
[TimeControl "180+1"]
[WhiteFideId "3906680"]
[BlackFideId "21834008"]
[WhiteElo "2461"]
[BlackElo "2623"]
[WhiteTeam "VEN"]
[BlackTeam "POL"]
[WhiteClock "0:00:02"]
[BlackClock "0:00:17"]

1. e4 c6 2. d4 d5 3. exd5 cxd5 4. c4 Nf6 5. Nc3 g6 6. Bf4 Nc6 7. h3 Bg7 8. Nf3 O-O 9. c5 Ne4 10. Bd3 Nxc3 11. bxc3 f6 12. Bg3 e5 13. Bb5 e4 14. Nd2 f5 15. Bd6 Re8 16. Qb3 Be6 17. O-O Bh6 18. Rad1 f4 19. Bxc6 bxc6 20. Qb7 Rc8 21. Be5 Re7 22. Qa6 Rf7 23. Nb3 f3 24. Bg3 fxg2 25. Kxg2 Bf4 26. Na5 Qd7 27. Rh1 e3 28. fxe3 Bxg3 29. Kxg3 Rcf8 30. Qxc6 Rf3+ 31. Kg2 Qe7 32. h4 Qf6 33. Rh2 Rf2+ 34. Kh1 Qf3+ 0-1

[Event "January 2 Early 2024"]
[Site "https://www.chess.com"]
[Date "2024.01.02"]
[Round "7"]
[White "Morales Garcia, Sergio Joshafatt"]
[Black "Gontcharov, Vladislav"]
[Result "0-1"]
[Board "127"]
[TimeControl "180+1"]
[WhiteFideId "5106249"]
[BlackFideId "4123492"]
[WhiteElo "2441"]
[BlackElo "2622"]
[WhiteTeam "MEX"]
[BlackTeam "RUS"]
[WhiteClock "0:00:03"]
[BlackClock "0:00:20"]

1. d4 Nf6 2. c4 c5 3. d5 e6 4. Nc3 exd5 5. cxd5 d6 6. e4 g6 7. Nge2 Bg7 8. Ng3 O-O 9. Bd3 Re8 10. O-O Nbd7 11. Re1 a6 12. a4 Rb8 13. a5 b5 14. axb6 Rxb6 15. Ra2 Qc7 16. Bf4 Rb4 17. Qa1 Ng4 18. Bxa6 Bxa6 19. Rxa6 Nge5 20. Be3 Nc4 21. Ra7 Qc8 22. Qa6 Qxa6 23. Rxa6 Rxb2 24. Na4 Rb4 25. Bf4 Nde5 26. Rd1 Reb8 27. h3 h5 28. Kh2 h4 29. Nf1 Bf6 30. Ne3 g5 31. Nxc4 Nxc4 32. Bd2 Nxd2 33. Rxd2 Be5+ 34. g3 Rb3 35. Kg2 hxg3 36. Nxc5 dxc5 37. d6 gxf2 38. d7 Rd8 39. Rc6 Kf8 40. Rxc5 f6 41. Rc8 Ke7 42. Rxd8 Kxd8 43. Kxf2 Rxh3 0-1

[Event "January 2 Early 2024"]
[Site "https://www.chess.com"]
[Date "2024.01.02"]
[Round "7"]
[White "Namitbir Singh Walia"]
[Black "Palczert, Matyas"]
[Result "1-0"]
[Board "128"]
[TimeControl "180+1"]
[WhiteFideId "35071068"]
[BlackFideId "784958"]
[WhiteElo "2460"]
[BlackElo "2605"]
[WhiteTeam "IND"]
[BlackTeam "HUN"]
[WhiteClock "0:00:07"]
[BlackClock "0:00:00"]

1. e4 c5 2. Nf3 e6 3. d4 cxd4 4. Nxd4 Nc6 5. Nc3 Qc7 6. Be3 a6 7. Be2 b5 8. a3 Bb7 9. f4 Nxd4 10. Qxd4 Rc8 11. O-O-O Nf6 12. Rd2 Bxa3 13. e5 b4 14. Nb1 Ne4 15. bxa3 Nxd2 16. Qxd2 b3 17. c4 Bxg2 18. Rg1 Bd5 19. Kb2 Qb7 20. Nc3 Bxc4 21. Rxg7 Bxe2 22. Qxe2 Ke7 23. f5 exf5 24. Qh5 Rhf8 25. Qxf5 Rxc3 26. Kxc3 Qc6+ 27. Kb2 Qd5 28. Qf6+ Ke8 29. Qb6 Qd3 30. Qb8+ Ke7 31. Bc5+ Ke6 32. Qd6+ Qxd6 33. Bxd6 f6 34. Bxf8 Kxe5 35. Rxd7 f5 36. Rxh7 f4 37. Re7+ Kd4 38. Bg7+ 1-0

[Event "January 2 Early 2024"]
[Site "https://www.chess.com"]
[Date "2024.01.02"]
[Round "7"]
[White "Borda Rodas, Anapaola S."]
[Black "Yagupov, Igor"]
[Result "0-1"]
[Board "129"]
[TimeControl "180+1"]
[WhiteFideId "152781"]
[BlackFideId "4113632"]
[WhiteElo "2420"]
[BlackElo "2604"]
[WhiteTeam "ARG"]
[BlackTeam "RUS"]
[WhiteClock "0:00:10"]
[BlackClock "0:00:41"]

1. e4 e5 2. Nf3 Nc6 3. d4 exd4 4. Nxd4 Nf6 5. Nxc6 bxc6 6. e5 Qe7 7. Qe2 Nd5 8. g3 g6 9. c4 Ba6 10. b3 Bg7 11. Bb2 O-O 12. Bg2 Rae8 13. O-O Bxe5 14. Qxe5 Qxe5 15. Bxe5 Rxe5 16. cxd5 Bxf1 17. Kxf1 cxd5 18. Nc3 c6 19. Rd1 Rfe8 20. h4 h6 21. Bf3 g5 22. hxg5 hxg5 23. Be2 Kg7 24. Bd3 d4 25. Ne2 c5 26. g4 d5 27. Ng3 Rc8 28. Bf5 Rc6 29. Bd7 Rc7 30. Bf5 Kf6 31. Nh5+ Ke7 32. f4 gxf4 33. Nxf4 Kd6 34. Kf2 Re3 35. b4 Ra3 36. bxc5+ Rxc5 37. Rxd4 Rxa2+ 38. Kg3 Ra3+ 39. Kh4 Rac3 40. Kg5 a5 41. Be4 Ke5 42. Rxd5+ Kxe4 0-1

[Event "January 2 Early 2024"]
[Site "https://www.chess.com"]
[Date "2024.01.02"]
[Round "7"]
[White "Volkov, Sergei"]
[Black "Seletsky, Grigory"]
[Result "1/2-1/2"]
[Board "130"]
[TimeControl "180+1"]
[WhiteFideId "4176588"]
[BlackFideId "14112191"]
[WhiteElo "2540"]
[BlackElo "2419"]
[WhiteTeam "RUS"]
[BlackTeam "UKR"]
[WhiteClock "0:00:04"]
[BlackClock "0:00:11"]

1. d4 d6 2. e4 Nf6 3. Nc3 e5 4. Nf3 Nbd7 5. Bc4 Be7 6. O-O O-O 7. Re1 c6 8. a4 b6 9. Bg5 a6 10. dxe5 dxe5 11. Nh4 Nc5 12. Nf5 Bxf5 13. exf5 Qc7 14. Qe2 b5 15. Bd3 b4 16. Bxf6 Bxf6 17. Ne4 Nxe4 18. Qxe4 a5 19. Bc4 Rad8 20. c3 bxc3 21. bxc3 Rd6 22. Rad1 Rfd8 23. Rxd6 Qxd6 24. g3 Qc5 25. Kg2 Kf8 26. Re2 g6 27. fxg6 hxg6 28. h4 Kg7 29. Rb2 Rd7 30. h5 gxh5 31. Bd3 Kf8 32. Rb8+ Ke7 33. Be2 Qxc3 34. Bxh5 Qc5 35. Qh7 Qd5+ 36. Bf3 Qe6 37. Qg8 Kd6 38. Rc8 e4 39. Bg4 Qd5 40. Bxd7 e3+ 41. f3 e2 42. Bxc6 e1=N+ 43. Kf1 Qd3+ 44. Kxe1 Bc3+ 45. Kf2 Bd4+ 46. Ke1 Qe3+ 47. Kd1 Qd3+ 48. Ke1 Qe3+ 49. Kd1 Qd3+ 50. Ke1 1/2-1/2

[Event "January 2 Early 2024"]
[Site "https://www.chess.com"]
[Date "2024.01.02"]
[Round "7"]
[White "Grave, Jacob Templen"]
[Black "Ahmad, Khagan"]
[Result "1-0"]
[Board "131"]
[TimeControl "180+1"]
[WhiteFideId "1542656"]
[BlackFideId "13431552"]
[WhiteElo "2406"]
[BlackElo "2531"]
[WhiteTeam "NOR"]
[BlackTeam "AZE"]
[WhiteClock "0:00:04"]
[BlackClock "0:00:00"]

1. e4 e5 2. Nf3 Nc6 3. Bb5 a6 4. Ba4 Nf6 5. O-O b5 6. Bb3 Bc5 7. c3 d6 8. d4 Bb6 9. h3 O-O 10. a4 Rb8 11. Re1 h6 12. Be3 exd4 13. cxd4 Na5 14. Bc2 Bb7 15. Nbd2 Re8 16. axb5 axb5 17. d5 Bxe3 18. Rxe3 c5 19. dxc6 Nxc6 20. Bb3 Na5 21. Bc2 Nc6 22. Bb3 Nb4 23. Nd4 Nxe4 24. Nxe4 Rxe4 25. Rxe4 Bxe4 26. Qe1 Ra8 27. Rxa8 Qxa8 28. f3 Nd3 29. Qxe4 Qa1+ 30. Kh2 Nf2 31. Qe8+ Kh7 32. Bc2+ g6 33. Qxf7+ Kh8 34. Qe8+ Kg7 35. Qxg6+ Kf8 36. Qf6+ Ke8 37. Bg6+ Kd7 38. Bf5+ Kc7 39. Qe7+ Kb6 40. Qxd6+ Ka7 41. Nxb5+ Kb7 42. Qc7+ Ka6 43. Qa7+ Kxb5 44. Qxa1 Kb4 45. Qe1+ 1-0

[Event "January 2 Early 2024"]
[Site "https://www.chess.com"]
[Date "2024.01.02"]
[Round "7"]
[White "Topalov, Aleksandar"]
[Black "Tifferet, Shakked"]
[Result "1/2-1/2"]
[Board "132"]
[TimeControl "180+1"]
[WhiteFideId "925659"]
[BlackFideId "2811529"]
[WhiteElo "2401"]
[BlackElo "2523"]
[WhiteTeam "SRB"]
[BlackTeam "ISR"]
[WhiteClock "0:00:15"]
[BlackClock "0:00:03"]

1. b3 g6 2. Bb2 Nf6 3. Bxf6 exf6 4. c4 d5 5. cxd5 Qxd5 6. e3 Qa5 7. Nf3 Nc6 8. Be2 f5 9. Nc3 Ba3 10. O-O Bb2 11. Rb1 Bxc3 12. dxc3 Qxc3 13. Rc1 Qf6 14. Bb5 Bd7 15. Nd4 Nxd4 16. Bxd7+ Kxd7 17. Rc4 Rad8 18. exd4 Kc8 19. Qc2 Rd7 20. Rc1 c6 21. b4 a6 22. a4 Rxd4 23. b5 axb5 24. axb5 Rxc4 25. Qxc4 Rd8 26. bxc6 bxc6 27. Qa6+ Kd7 28. Re1 Qd6 29. Qb7+ Qc7 30. Re7+ Kxe7 31. Qxc7+ Rd7 32. Qe5+ Kd8 33. h4 h5 34. Qb8+ Ke7 35. Qe5+ Kf8 36. Kh2 Rd5 37. Qc7 Rd4 38. g3 Rc4 39. Qd6+ Kg8 40. Qd3 Rc5 41. Qd8+ Kh7 42. Qe7 Rc2 43. Qxf7+ Kh6 44. Kg2 c5 45. Qb3 Re2 46. Kf1 Re4 47. f3 Re7 48. Qc3 Rc7 49. Qh8+ Rh7 50. Qc8 Rf7 51. Qxc5 Kg7 52. Qe5+ Rf6 53. Kf2 Kf7 54. Ke3 Re6 55. Kf4 Rxe5 56. Kxe5 Ke7 57. f4 Kf7 58. Kd6 Kf6 59. Kd7 Kf7 60. Kd6 Kf6 61. Kd5 Kf7 62. Kd6 1/2-1/2

[Event "January 2 Early 2024"]
[Site "https://www.chess.com"]
[Date "2024.01.02"]
[Round "7"]
[White "Coro, Lucas"]
[Black "Travkina, Anastasia"]
[Result "1-0"]
[Board "133"]
[TimeControl "180+1"]
[WhiteFideId "147222"]
[BlackFideId "24129151"]
[WhiteElo "2518"]
[BlackElo "2391"]
[WhiteTeam "ARG"]
[BlackTeam "RUS"]
[WhiteClock "0:00:28"]
[BlackClock "0:00:39"]

1. Nf3 Nf6 2. g3 b5 3. Bg2 Bb7 4. O-O g6 5. d3 Bg7 6. e4 d6 7. Re1 Nfd7 8. d4 O-O 9. Nc3 b4 10. Nd5 a5 11. Bg5 Re8 12. Nh4 c6 13. Nf4 h6 14. Nhxg6 hxg5 15. Qh5 fxg6 16. Nxg6 Nf6 17. Qxg5 e5 18. dxe5 dxe5 19. Rad1 Qc7 20. h4 Na6 21. Bf1 Qf7 22. Nxe5 Rxe5 23. Qxe5 Ng4 24. Qf5 Qxf5 25. exf5 c5 26. Bc4+ Kh8 27. Rd7 Bd4 28. Ree7 Bxf2+ 29. Kf1 Ne3+ 30. Kxf2 Nxc4 31. Rh7+ Kg8 32. Rdg7+ Kf8 33. Rxb7 Kg8 34. Rbg7+ Kf8 35. f6 1-0

[Event "January 2 Early 2024"]
[Site "https://www.chess.com"]
[Date "2024.01.02"]
[Round "7"]
[White "Fernandez Garcia, Gumersindo"]
[Black "Ljukin, Sergei"]
[Result "0-1"]
[Board "134"]
[TimeControl "180+1"]
[WhiteFideId "24516740"]
[BlackFideId "14102200"]
[WhiteElo "2372"]
[BlackElo "2518"]
[WhiteTeam "ESP"]
[BlackTeam "UKR"]
[WhiteClock "0:00:37"]
[BlackClock "0:01:30"]

1. e4 e6 2. d4 d5 3. Bd3 c5 4. exd5 exd5 5. dxc5 Bxc5 6. Nf3 Nf6 7. O-O O-O 8. Bg5 h6 9. Bh4 g5 10. Bg3 Ne4 11. Nbd2 f5 12. Be5 Nc6 13. c4 g4 14. cxd5 gxf3 15. gxf3 Nxe5 16. Nxe4 fxe4 17. fxe4 Bg4 18. Qc2 Bf3 19. Rfd1 Qg5+ 20. Kf1 Qg2+ 21. Ke1 Qg1+ 22. Bf1 Bxd1 23. Qxc5 Nd3+ 0-1